 Dungeon Crawl Stone Soup version 0.21.1-1-g345015f (webtiles) character file.

463 wilfster70 the Skirmisher (level 7, -7/71 HPs)
             Began as an Ogre Arcane Marksman on June 15, 2018.
             Was a Believer of the Shining One.
             Mangled by an ice beast (12 damage)
             ... on level 5 of the Dungeon.
             The game lasted 00:24:00 (6320 turns).

wilfster70 the Skirmisher (Ogre Arcane Marksman)    Turns: 6320, Time: 00:24:01

Health: -7/71      AC:  3    Str: 15    XL:     7   Next: 7%
Magic:  11/11      EV: 11    Int: 16    God:    the Shining One [**....]
Gold:   176        SH:  0    Dex:  9    Spells: 9/12 levels left

rFire    . . .     SeeInvis .   a - +1 flail
rCold    . . .     Gourm    .   (no shield)
rNeg     + . .     Faith    .   q - +0 robe
rPois    .         Spirit   .   (helmet restricted)
rElec    .         Reflect  .   (no cloak)
rCorr    .         Harm     .   (gloves unavailable)
MR       +....                  (boots unavailable)
Stlth    +.........             (no amulet)
HPRegen  0.21/turn              r - ring of protection from magic
MPRegen  0.12/turn              (no ring)

@: glowing
A: large, unfitting armour, tough skin 1
a: Divine Shield, Renounce Religion


You were on level 5 of the Dungeon.
You worshipped the Shining One.
The Shining One was pleased with you.
You were not hungry.

You visited 1 branch of the dungeon, and saw 5 of its levels.

You collected 176 gold pieces.

Inventory:

Hand Weapons
 a - a +1 flail (weapon)
 b - a +0 hunting sling
 w - a +0 blowgun
Missiles
 d - a throwing net
 e - 37 poisoned needles
 k - 122 stones
 l - 3 large rocks (quivered)
Armour
 q - a +0 robe (worn)
Magical Staves
 j - an uncursed staff of summoning
Jewellery
 r - a ring of protection from magic (left hand)
Scrolls
 i - 4 scrolls of remove curse
 m - 2 scrolls of immolation
 s - a scroll of magic mapping {unknown}
Potions
 h - a potion of flight {unknown}
 n - a potion of brilliance {unknown}
 p - a potion of degeneration {unknown}
Books
 c - a book of Debilitation

   Spells                             Type                      Level
   a - Corona                         Hexes                        1
   b - Slow                           Hexes                        2
   c - Inner Flame                    Hexes/Fire                   3
   d - Portal Projectile              Hexes/Translocation          3
   e - Cause Fear                     Hexes                        4
   f - Leda's Liquefaction            Hexes/Earth                  4
Comestibles
 f - 8 rations


   Skills:
 + Level 4.6 Fighting
 - Level 3.0 Throwing
 + Level 3.5 Dodging
 - Level 3.3 Spellcasting
 - Level 3.2 Hexes
 + Level 1.9 Translocations
 + Level 1.5 Invocations


You had 9 spell levels left.
You knew the following spells:

 Your Spells              Type           Power        Failure   Level  Hunger
a - Portal Projectile     Hex/Tloc       ##....       19%         3    ###....


Dungeon Overview and Level Annotations

Branches:
Dungeon (5/15)             Temple (0/1) D:5

Altars:
The Shining One

Annotations:
D:1 1 runed door


Innate Abilities, Weirdness & Mutations

You are too large for most types of armour.
You have tough skin. (AC +1)


Message History

You hit the ice beast.
The ice beast is heavily wounded.
The ice beast hits you but does no damage.
The orc wizard gestures wildly while chanting.
The orc wizard seems to speed up.
You hit the ice beast but do no damage.
The ice beast is heavily wounded.
The ice beast closely misses you.
You feel better. The ice beast closely misses you.
The orc wizard hits you but does no damage.
You hit the ice beast but do no damage.
The ice beast is heavily wounded.
The orc wizard misses you. The ice beast hits you.
* * * LOW HITPOINT WARNING * * *
The ice beast freezes you!
* * * LOW HITPOINT WARNING * * *
The orc wizard misses you. The ice beast hits you.
* * * LOW HITPOINT WARNING * * *
The ice beast freezes you!
You die...

#..).........# #
#..()........#
#...(.....)..#
#....(.......#
#.....(......#
#......(>....#
#####............#
.................##+###..
.....#####......@........
.....#...#......Yo.......
.....#...'...............
.....#...#...............
.....#...#...............
.....######....[..#####..
.....# #.......# # .....#
#.......# .....#
#)......#


You could see an ice beast and an orc wizard.

Vanquished Creatures
  A centaur (D:5)
  2 scorpions
  A crimson imp (D:5)
  An orc priest (D:2)
  3 worker ants (D:4)
  An adder (D:3)
  6 gnolls (D:4)
  A river rat (D:3)
  A worm (D:3)
  A leopard gecko (D:4)
  6 orcs
  3 ball pythons (D:3)
  7 bats
  6 giant cockroaches
  4 hobgoblins
  11 jackals
  A quokka (D:5)
  2 frilled lizards
  6 goblins
  A jackal skeleton (D:4)
  12 kobolds
  7 rats
84 creatures vanquished.

Notes
Turn   | Place    | Note
-------+----------+-------------------------------------------
     0 | D:1      | wilfster70 the Ogre Arcane Marksman began the quest for the Orb.
     0 | D:1      | Reached XP level 1. HP: 19/19 MP: 2/2
     0 | D:1      | Noticed a jelly
     1 | D:1      | Found a runed door.
   549 | D:1      | Reached XP level 2. HP: 28/28 MP: 4/4
  1234 | D:1      | Reached skill level 2 in Fighting
  1539 | D:2      | Found a faded altar of an unknown god.
  1546 | D:2      | Became a worshipper of the Shining One
  1546 | D:2      | Reached * piety under the Shining One
  1846 | D:2      | Reached XP level 3. HP: 34/35 MP: 5/5
  1934 | D:2      | Reached XP level 4. HP: 42/44 MP: 5/7
  2091 | D:2      | Found a glowing golden altar of the Shining One.
  2861 | D:3      | Reached skill level 3 in Fighting
  2997 | D:3      | Reached XP level 5. HP: 9/53 MP: 7/9
  3352 | D:3      | Learned a level 3 spell: Portal Projectile
  3565 | D:4      | Reached ** piety under the Shining One
  4714 | D:4      | Reached skill level 1 in Translocations
  4721 | D:4      | Reached XP level 6. HP: 8/62 MP: 10/10
  5030 | D:4      | Reached skill level 4 in Fighting
  5648 | D:5      | Entered Level 5 of the Dungeon
  5695 | D:5      | Reached skill level 1 in Invocations
  5958 | D:5      | Found a staircase to the Ecumenical Temple.
  6011 | D:5      | Reached XP level 7. HP: 33/71 MP: 11/11
  6320 | D:5      | Mangled by an ice beast

Skill      XL: |  1  2  3  4  5  6 |
---------------+-------------------+-----
Dodging        | 2 3 |  3.5
Fighting       | 2 3 4 |  4.6
Spellcasting   | 2 3 |  3.3
Throwing       | 3 |  3.0
Hexes          | 3 |  3.2
Translocations | 1 |  1.9
Invocations    | 1 |  1.5

Action                   |  1- 3 |  4- 6 |  7- 9 || total
-------------------------+-------+-------+-------++-------
Melee: Unarmed           |     4 |       |       ||     4
       Flail             |       |   126 |    15 ||   141
 Fire: Hunting sling     |    32 |    44 |       ||    76
       Blowgun           |       |     3 |       ||     3
Throw: Large rock        |    30 |     7 |       ||    37
       Stone             |    46 |     1 |       ||    47
       Throwing net      |     3 |     1 |       ||     4
 Cast: Corona            |     2 |       |       ||     2
  Use: Potion            |     1 |     1 |     1 ||     3
       Scroll            |       |     7 |       ||     7
  Eat: Chunk             |     3 |     5 |     2 ||    10
       Ration            |       |     2 |       ||     2
Armor: Robe              |    45 |    51 |     3 ||    99
Dodge: Dodged            |    78 |   146 |    11 ||   235
